 Dungeon Crawl Stone Soup version 0.27-a0-1189-gb8eb6cee8e (webtiles) character file.

Game seed: 16692582147385188678

727882 wakim the Invulnerable (level 27, -12/409 HPs)
             Began as a Minotaur Berserker on May 22, 2021.
             Was the Champion of Trog.
             Mangled by a large slime creature (20 damage)
             ... on level 1 of the Pits of Slime.
             The game lasted 04:05:37 (76878 turns).

wakim the Invulnerable (Minotaur Berserker)        Turns: 76878, Time: 04:05:38

Health: -12/409    AC: 51    Str: 48    XL:     27
Magic:  22/22      EV: 15    Int:  5    God:    Trog [******]
Gold:   6334       SH:  0    Dex:  7    Spells: 26/26 levels left

rFire    + . .     SeeInvis +   b - +10 dark maul {vorpal}
rCold    + . .     Faith    .   (shield currently unavailable)
rNeg     + + +     Spirit   .   n - +9 gold dragon scales of the Nexus {*Slow rPois rF+ rC+ Regen+ Str+7 Int+2}
rPois    +         Reflect  .   G - +2 hat of Ifaw {Rampage}
rElec    +         Harm     .   L - +2 cloak
rCorr    +         Rampage  ∞   j - +2 pair of gloves "Feahuff" {rN++}
Will     ++++.                  k - +3 pair of seven-league boots {Rampage+∞}
Stlth    ..........             h - amulet of regeneration
HPRegen  3.78/turn              D - ring "Reat" {Fly rElec rCorr Stlth+}
MPRegen  0.18/turn              v - ring of Torphutay {rPois rN+++ Str+6 Dex-4 SInv}

@: berserking, strong-willed, flying, regenerating, studying 2 skills, very
quick
A: horns 2, retaliatory headbutt, claws 1, dopey 1, mutation resistance 1,
screaming 1, strong 1
}: 4/15 runes: barnacled, silver, abyssal, gossamer
a: Renounce Religion, Berserk, Trog's Hand, Brothers in Arms


You were on level 1 of the Pits of Slime.
You worshipped Trog.
Trog was exalted by your worship.
You visited 11 branches of the dungeon, and saw 52 of its levels.
You visited the Abyss 2 times.
You also visited: Ossuary, Bailey, Gauntlet, Volcano and Desolation.

You collected 8955 gold pieces.
You spent 2621 gold pieces at shops.

Inventory:

Hand Weapons
 a - the +10 great mace "Viomobre" {vorpal, rElec}
   (You found it on level 4 of the Depths)

   It inflicts extra damage upon your enemies.
   It insulates you from electricity.
 b - the +10 dark maul (weapon) {vorpal}
   (Trog gifted it to you in the Desolation of Salt)

   It inflicts extra damage upon your enemies.
Missiles
 d - 18 curare-tipped darts {=f}
 f - 21 silver javelins (quivered)
 g - 8 throwing nets {=f!f}
 l - 84 boomerangs
Armour
 j - the +2 pair of gloves "Feahuff" (worn) {rN++}
   (You found it in a volcano)

   It greatly protects you from negative energy.
 k - the +3 pair of seven-league boots (worn) {Rampage+∞}
   (You found it in a volcano)
 n - the +9 gold dragon scales of the Nexus (worn) {*Slow rPois rF+ rC+ Regen+ Str+7 Int+2}
   (You found it in a bailey)

   It affects your strength (+7).
   It affects your intelligence (+2).
   It protects you from fire.
   It protects you from cold.
   It protects you from poison.
   It increases your rate of health regeneration.
   It may slow you when you take damage.
 G - the +2 hat of Ifaw (worn) {Rampage}
   (You found it in a Gauntlet)

   It bestows one free step when moving towards enemies.
 L - a +2 cloak (worn)
Jewellery
 c - the ring of Ruxtosty {rF+ rCorr Dex+2}
   (You found it in the Desolation of Salt)

   [ring of resist corrosion]

   It affects your dexterity (+2).
   It protects you from fire.
   It protects you from acid and corrosion.
 h - an amulet of regeneration (around neck)
 m - the amulet of Leaves {Acrobat rF+ Str+4 Int+3}
   (You found it on level 4 of the Vaults)

   [amulet of the acrobat]

   It increases your evasion while moving and waiting.
   It affects your strength (+4).
   It affects your intelligence (+3).
   It protects you from fire.
 o - the ring of Okakeca {rPois Will++ rCorr Stlth-}
   (You found it on level 3 of the Elven Halls)

   [ring of resist corrosion]

   It protects you from poison.
   It protects you from acid and corrosion.
   It greatly increases your willpower.
   It makes you less stealthy.
 r - the ring "Nuokhl Jyimi" {rCorr EV+4 Int+4}
   (You found it in the Desolation of Salt)

   [ring of evasion]

   It affects your evasion (+4).
   It affects your intelligence (+4).
   It protects you from acid and corrosion.
 u - the ring of Cirehinu {rPois rF+ Will- Str+3 Int+6 Dex-3}
   (You found it in the Desolation of Salt)

   [ring of intelligence]

   It affects your strength (+3).
   It affects your intelligence (+6).
   It affects your dexterity (-3).
   It protects you from fire.
   It protects you from poison.
   It decreases your willpower.
 v - the ring of Torphutay (right hand) {rPois rN+++ Str+6 Dex-4 SInv}
   (You acquired it on level 4 of the Spider Nest)

   [ring of strength]

   It affects your strength (+6).
   It affects your dexterity (-4).
   It protects you from poison.
   It renders you almost immune to negative energy.
   It lets you see invisible.
 x - the ring of Xom's Passing Interest {rElec rF+ rCorr Dex+4}
   (You found it in the Desolation of Salt)

   [ring of resist corrosion]

   It affects your dexterity (+4).
   It protects you from fire.
   It insulates you from electricity.
   It protects you from acid and corrosion.
 z - the ring "Womaoxza" {rElec rC+ Will+ Int+6}
   (You found it on level 1 of the Shoals)

   [ring of intelligence]

   It affects your intelligence (+6).
   It protects you from cold.
   It insulates you from electricity.
   It increases your willpower.
 D - the ring "Reat" (left hand) {Fly rElec rCorr Stlth+}
   (You acquired it on level 5 of the Lair of Beasts)

   [ring of flight]

   It insulates you from electricity.
   It grants you flight.
   It protects you from acid and corrosion.
   It makes you more stealthy.
Wands
 t - a wand of digging (39)
 w - a wand of acid (41)
 y - a wand of paralysis (40)
Scrolls
 e - 14 scrolls of enchant armour
 p - 3 scrolls of brand weapon
 s - a scroll of enchant weapon
 P - 5 scrolls of torment {!r}
 Q - 5 scrolls of immolation {!r!r}
 R - 14 scrolls of magic mapping {!r}
 S - 2 scrolls of summoning
 T - 15 scrolls of teleportation
 U - 9 scrolls of fear
 V - 4 scrolls of vulnerability {!r!r}
 W - 5 scrolls of holy word
 X - 8 scrolls of fog
 Y - 14 scrolls of blinking {!r}
 Z - 4 scrolls of silence {!r}
Potions
 A - 7 potions of ambrosia
 B - 8 potions of attraction {!q}
 C - 8 potions of berserk rage {!q}
 E - 8 potions of cancellation
 F - 14 potions of curing
 H - 4 potions of haste
 I - 4 potions of invisibility
 J - 12 potions of heal wounds
 K - 3 potions of magic
 M - 2 potions of mutation {!q}
 N - 4 potions of might
 O - 5 potions of resistance


   Skills:
 O Level 27 Fighting
 O Level 27 Maces & Flails
 - Level 5.3(15.1) Slings
 + Level 21.0 Crossbows
 + Level 19.6(19.7) Throwing
 O Level 27 Armour
 O Level 27 Dodging


You had 26 spell levels left.
You didn't know any spells.
Your spell library was empty.

Dungeon Overview and Level Annotations

Branches:
Dungeon (15/15)            Temple (1/1) D:5            Lair (6/6) D:8
 Shoals (4/4) Lair:2       Spider (4/4) Lair:4        Slime (2/5) Lair:6
    Orc (2/2) D:10            Elf (3/3) Orc:2        Vaults (5/5) D:14
  Crypt (0/3) Vaults:2     Depths (5/5) D:15            Zot (5/5) Depths:5
Ossuary (visited)          Bailey (visited)         Volcano (visited)
Desolation (visited)      Gauntlet (visited)

Altars:
Ashenzari
Cheibriados
Dithmenos
Gozag
Hepliaklqana
Kikubaaqudgha
Makhleb
Qazlal
Ru
Sif Muna
Trog
Wu Jian
Xom
Yredelemnul
Zin
Beogh
Lugonu

Shops:
Orc:2 [*(=   Elf:2 **   Elf:3 :   Vaults:2 *   Vaults:4 =   Vaults:5 ?*
Depths:4 *   Depths:5 :=:

Portals:
Hell: Depths:1 Depths:2 Depths:3 Depths:4 Depths:5
Abyss: Depths:1 Depths:3 Depths:4 Depths:5
Pandemonium: Depths:3
Ziggurat: Depths:3


Innate Abilities, Weirdness & Mutations

You have a pair of horns on your head.
You reflexively headbutt those who attack you in melee.
You have sharp fingernails.
You are dopey. (Int -2)
You are somewhat resistant to further mutation.
You occasionally shout uncontrollably at your foes.
Your muscles are strong. (Str +2)


Message History

The large slime creature barely misses you.
You furiously retaliate!
You headbutt the large slime creature, but do no damage.
Two slime creatures merge to form a large slime creature.
You hammer the quicksilver ooze like a gong!!!
You kill the quicksilver ooze!
Trog accepts your kill.
You gasp with relief as air once again reaches your lungs.
The large slime creature hits you!
* * * LOW HITPOINT WARNING * * *
The slime creature hits you but does no damage.
The slime creature barely misses you. You furiously retaliate!
You headbutt the slime creature.
The slime creature hits you but does no damage.
A large slime creature splits.
The large slime creature hits you.
* * * LOW HITPOINT WARNING * * *
The slime creature hits you but does no damage.
The slime creature barely misses you. The slime creature closely misses you.
You furiously retaliate!
You headbutt the slime creature.
A red film seems to cover your vision as you go berserk!
You feel yourself moving faster!
You feel mighty! The enormous slime creature hits you!!!
* * * LOW HITPOINT WARNING * * *
The slime creature misses you. The large slime creature hits you!
* * * LOW HITPOINT WARNING * * *
The slime creature hits you but does no damage.
The large slime creature hits you!
* * * LOW HITPOINT WARNING * * *
The slime creature hits you but does no damage. x2
The slime creature hits you.
* * * LOW HITPOINT WARNING * * *
Unknown command.
You pound the enormous slime creature like an anvil!!!
You headbutt the enormous slime creature!!
The enormous slime creature is heavily wounded.
The enormous slime creature hits you but does no damage.
The slime creature hits you but does no damage.
The large slime creature hits you but does no damage.
The slime creature barely misses you. The large slime creature hits you!!
You die...

#.....### ... ......#
##.....#.###....
..#.... ##.......#....
......##
#............#.......##
G...........#.#.......#
............#...#....G
...............#.#
.#....JJJ.......#
.....GJ@J..G...#.#
......JJJ............
....>............##.#
.............#.#.#
.............##....
............## #.#.#
.........#.## ####
...#........


You could see a great orb of eyes, an enormous slime creature, 2 large slime
creatures, 5 slime creatures and a shining eye.

Vanquished Creatures
  10 orbs of fire
  4 dread liches
  6 ancient liches
  Mara (Shoals:3)
  Mennas (Vaults:5)
  3 juggernauts
  Sojobo (Vaults:2)
  7 Killer Klowns
  2 curse toes
  Frederick (Depths:3)
  Saint Roka (Vaults:1)
  10 golden dragons
  The ghost of p0werm0de the Tortoise, a veteran GrFi of Okawaru (Vaults:4)
  3 electric golems
  25 Orb Guardians (Zot:5)
  16 tentacled monstrosities
  7 liches
  The ghost of Haeres the Devastator, an adept DsCj of Gozag (Shoals:1)
  Asterion (Vaults:3)
  9 quicksilver dragons
  2 deep elf master archers
  5 titans
  2 deep elf blademasters
  5 acid blobs
  Frances (D:12)
  4 sphinxes
  The ghost of Wevinn the Warrior, an adept DsFi of Ru (Shoals:3)
  Polyphemus (Shoals:4)
  5 tentacled starspawn
  7 tengu reavers
  4 death cobs
  Agnes (D:15)
  Donald (Vaults:1)
  5 krakens (Shoals:3)
  26 storm dragons
  11 shadow dragons
  Roxanne (D:14)
  7 draconian monks
  2 iron dragons
  7 deep elf sorcerers
  7 frost giants
  9 fire giants
  18 vault wardens
  Louise (Shoals:1)
  3 imperial myrmidons (Desolation)
  6 orc warlords
  2 draconian knights (Zot:2)
  Aizul (Spider:2)
  5 emperor scorpions
  A cacodemon (Abyss:2)
  3 draconian scorchers
  6 ghost moths
  20 ironbound preservers
  2 spriggan defenders
  5 deep elf elementalists
  2 draconian stormcallers
  A ghoul (Vaults:2)
  A draconian shifter (Zot:1)
  8 war gargoyles
  4 draconian annihilators
  A quicksilver ooze (shapeshifter) (Vaults:5)
  30 very ugly things
  3 quicksilver oozes (Slime:1)
  A caustic shrike skeleton (Depths:2)
  23 stone giants
  5 vampire knights
  5 black draconians
  11 deep elf demonologists
  3 green draconians
  A halazid warlock (Desolation)
  A minotaur (Gauntlet)
  A lorocyproca (Abyss:2)
  8 spark wasps
  15 deep elf annihilators
  7 entropy weavers
  An eidolon (Vaults:2)
  4 yellow draconians
  9 purple draconians
  9 red draconians
  12 white draconians
  8 dire elephants
  Josephine (D:12)
  6 merfolk javelineers
  6 merfolk impalers
  13 ettins
  5 deep elf death magi (Elf:3)
  2 blizzard demons (Abyss:3)
  A crystal guardian (Desolation)
  4 fire dragons
  A green death (Abyss:2)
  11 deep elf high priests
  7 ragged hierophants (Desolation)
  12 yaktaur captains
  13 great orbs of eyes
  6 servants of whispers (Desolation)
  5 rakshasas
  7 ironbound thunderhulks
  36 vault guards
  A quicksilver dragon skeleton (Abyss:2)
  6 boulder beetles
  A ghost crab (Gauntlet)
  13 ice dragons
  2 ogre magi
  A salamander tyrant (Depths:4)
  17 peacekeepers
  8 centaur warriors
  5 ironbound frosthearts
  A merfolk avatar (Shoals:4)
  5 spriggan air magi
  13 hydras
  A satyr (Shoals:3)
  An alligator snapping turtle (shapeshifter) (Vaults:5)
  3 alligator snapping turtles
  2 merfolk aquamancers
  3 catoblepae
  A satyr (shapeshifter) (Vaults:5)
  Erica (Lair:2)
  29 dancing weapons
  10 death yaks
  11 two-headed ogres
  11 tengu warriors
  7 ironbound beastmasters
  5 orc high priests
  6 vampire magi
  A hell hog (Volcano)
  8 deep troll earth magi
  7 deep troll shamans
  15 hell knights
  12 spriggan berserkers
  11 thrashing horrors
  15 deep elf knights
  4 wretched stars (Abyss:2)
  A fire crab (Volcano)
  A soul eater (Abyss:2)
  6 iron trolls
  A shadow wraith (Vaults:4)
  A fire crab (shapeshifter) (Vaults:4)
  8 sea snakes
  2 spatial maelstroms
  3 salamander mystics (Depths:4)
  2 sixfirhies (Abyss:2)
  4 skeletal warriors
  A sea snake (shapeshifter) (Depths:2)
  4 flayed ghosts
  A glowing orange brain (shapeshifter) (Depths:2)
  59 deep trolls
  10 glowing orange brains
  5 deep elf archers
  Pikel (D:6)
  A harpy (shapeshifter) (Vaults:5)
  22 orc knights
  30 deep elf zephyrmancers
  15 necromancers
  9 lindwurms
  7 phantasmal warriors
  6 harpies
  9 orc sorcerers
  17 wizards
  26 deep elf pyromancers
  19 orb spiders
  An orb spider (shapeshifter) (D:11)
  An oklob plant (Lair:3)
  28 ironbound convokers
  24 manticores
  9 cyclopes
  25 wolf spiders
  11 large abominations
  3 shining eyes (Slime:1)
  49 ugly things
  A guardian serpent (shapeshifter) (Depths:2)
  8 merfolk sirens
  9 salamanders (Depths:4)
  A salamander (shapeshifter) (D:11)
  A worldbinder (Abyss:4)
  19 fauns
  42 moths of wrath
  10 vault sentinels
  A molten gargoyle (Volcano)
  6 water nymphs
  5 black mambas
  2 eyes of devastation
  2 guardian serpents (Desolation)
  3 torpor snails
  A naga mage (D:15)
  5 elephants
  11 smoke demons
  An orange demon (Abyss:2)
  Maggie (D:7)
  3 gargoyles
  A torpor snail (shapeshifter) (Vaults:4)
  2 cane toads (shapeshifter)
  14 cane toads
  3 rime drakes
  7 unseen horrors
  An unseen horror (shapeshifter) (D:15)
  2 kobold demonologists
  9 komodo dragons
  16 demonic crawlers
  3 efreet
  39 yaktaurs
  7 ice devils
  10 tengu conjurers
  A minotaur skeleton (Abyss:2)
  A silent spectre (Depths:4)
  10 trolls
  24 jumping spiders
  4 ancient zymes
  18 merfolk
  10 hornets
  3 meliai (D:15)
  3 polar bears
  38 slime creatures
  25 blink frogs
  A fire dragon zombie (Depths:1)
  19 raiju
  9 wind drakes
  66 saltlings (Desolation)
  An ice dragon zombie (Depths:1)
  14 snapping turtles
  A snapping turtle (shapeshifter) (Vaults:2)
  A spriggan zombie (Depths:1)
  23 dream sheep
  2 meliai zombies (D:12)
  A centaur simulacrum (D:15)
  47 redbacks
  10 flying skulls
  Sigmund (D:5)
  3 air elementals
  8 shadows
  3 vampires
  50 yaks
  11 ynoxinuls
  A spriggan simulacrum (Depths:1)
  8 fire bats
  27 tarantellas
  15 water elementals
  5 wyverns
  4 wraiths
  A yak (shapeshifter) (Abyss:2)
  Eustachio (D:5)
  A fire elemental (Elf:1)
  3 steam dragons
  11 golden eyes
  7 basilisks
  11 chaos spawn
  8 humans (D:14)
  5 neqoxecs
  4 vampire mosquitoes
  A basilisk (shapeshifter) (D:13)
  9 wargs
  A swamp worm (shapeshifter) (Vaults:5)
  4 spatial vortices (Abyss:3)
  14 water moccasins
  5 acid dragons
  A cane toad zombie (Abyss:2)
  A swamp drake (Lair:4)
  A hell hound (Volcano)
  48 orc warriors
  A sky beast (D:8)
  4 black bears
  A hornet zombie (D:15)
  A meliai simulacrum (D:15)
  An ice beast (D:5)
  A necrophage (D:6)
  10 centaurs
  8 ogres
  14 small abominations
  2 lemures (D:6)
  9 wolves
  5 phantoms
  A snapping turtle skeleton (Abyss:2)
  A swamp dragon skeleton (Abyss:3)
  3 kobold brigands
  Blork the orc (D:6)
  10 bullfrogs
  7 scorpions
  A wyvern zombie (D:6)
  4 earth elementals (Elf:3)
  2 gnoll sergeants
  2 water moccasin skeletons (D:5)
  2 electric eels
  7 wights
  5 howler monkeys
  2 bullfrog zombies
  17 centaur zombies
  6 lava snakes (Volcano)
  28 orc priests
  2 quasits (Abyss:2)
  4 human zombies
  An iron imp (Abyss:2)
  7 jellies
  Crazy Yiuf (D:4)
  A gnoll shaman (D:6)
  4 hounds
  Jessica (D:2)
  4 bullfrog skeletons
  5 centaur skeletons
  Natasha (thrice) (D:2)
  4 iguanas
  20 orc wizards
  6 lightning spires (Abyss:3)
  A killer bee zombie (D:6)
  8 ogre zombies (D:10)
  2 mummies (Ossuary)
  7 adders
  15 gnolls
  3 shadow imps (D:6)
  7 white imps
  3 ufetubi
  2 adder zombies (Ossuary)
  An adder skeleton (D:4)
  2 worms
  2 dart slugs
  102 orcs
  3 ball pythons
  7 endoplasms
  6 giant cockroaches
  5 goblins
  7 hobgoblins
  13 jackals
  12 kobolds
  A quokka (D:1)
  2 bats
  4 goblin zombies
  A hobgoblin skeleton (D:10)
  8 hobgoblin zombies
  2 jackal zombies (Ossuary)
  9 kobold zombies (Ossuary)
  6 orc skeletons (D:10)
  25 orc zombies
  5 rats
  2 bushes
  A butterfly (Lair:1)
  3 starspawn tentacles (Abyss:2)
  6 tentacles (Shoals:3)
2619 creatures vanquished.

Vanquished Creatures (collateral kills)
  An imperial myrmidon (Desolation)
  A servant of whispers (Desolation)
  2 deep trolls (Vaults:2)
  An orc knight (Orc:2)
  A merfolk (Shoals:4)
  A saltling (Desolation)
  2 orc warriors (Orc:2)
  3 orc priests (Orc:2)
  An orc wizard (Orc:2)
  2 gnolls (Orc:2)
  2 orcs (Orc:2)
17 creatures vanquished.

Vanquished Creatures (others)
  A fire giant (Depths:1)
  A hydra (Lair:6)
  A deep elf knight (Elf:3)
  2 deep elf archers (Elf:1)
  A deep elf pyromancer (Elf:3)
  A wizard (Depths:2)
  A salamander (Depths:4)
  2 deep elf zephyrmancers (Elf:1)
  An orb spider (Spider:4)
  A saltling (Desolation)
  A human (D:14)
  A water elemental (Elf:3)
  A howler monkey (D:13)
  2 ufetubi (Abyss:2)
  6 bushes (D:14)
  A demonic plant (Abyss:4)
  14 fungi
  162 plants
  4 starspawn tentacles
  20 tentacles (Shoals:3)
224 creatures vanquished.

Grand Total: 2860 creatures vanquished

Notes
Turn   | Place    | Note
-------+----------+-------------------------------------------
     0 | D:1      | wakim the Minotaur Berserker began the quest for the Orb.
     0 | D:1      | Reached XP level 1. HP: 19/19 MP: 0/0
   471 | D:1      | Reached XP level 2. HP: 17/27 MP: 1/1
  1146 | D:2      | Noticed Natasha
  1149 | D:2      | Noticed a crimson imp
  1152 | D:2      | Killed Natasha
  1153 | D:2      | Reached XP level 3. HP: 24/33 MP: 2/2
  1308 | D:2      | Reached ** piety under Trog
  1449 | D:2      | Noticed Jessica
  1462 | D:2      | Killed Jessica
  1463 | D:2      | Reached XP level 4. HP: 35/40 MP: 3/3
  1561 | D:2      | Noticed Natasha
  1574 | D:2      | Found a shimmering altar of Xom.
  1610 | D:2      | Killed Natasha
  1851 | D:2      | Noticed Natasha
  1870 | D:2      | Killed Natasha
  1871 | D:2      | Reached skill level 5 in Maces & Flails
  1871 | D:2      | Reached XP level 5. HP: 15/47 MP: 4/4
  2597 | D:3      | Found an opulent altar of Gozag.
  2761 | D:3      | Found a faded altar of an unknown god.
  3085 | D:3      | Found a shimmering blue altar of Sif Muna.
  3085 | D:3      | Found a burning altar of Makhleb.
  3085 | D:3      | Found a stormy altar of Qazlal.
  3120 | D:3      | Found a basalt altar of Yredelemnul.
  3284 | D:4      | Noticed a black bear
  3293 | D:4      | Killed a black bear
  3294 | D:4      | Reached skill level 5 in Armour
  3294 | D:4      | Reached XP level 6. HP: 53/53 MP: 5/5
  3406 | D:4      | Reached *** piety under Trog
  3458 | D:4      | Found a broken altar of Ashenzari.
  3507 | D:4      | Identified the +8 hunting sling "Caobb" {flame, *Corrode
                  | Str+5}
  3885 | D:4      | Found a runed translucent door.
  3886 | D:4      | Noticed Crazy Yiuf
  3896 | D:4      | Killed Crazy Yiuf
  4153 | D:4      | Noticed a steam dragon
  4165 | D:4      | Killed a steam dragon
  4166 | D:4      | Reached skill level 5 in Fighting
  4166 | D:4      | Reached skill level 1 in Slings
  4166 | D:4      | Reached skill level 1 in Throwing
  4166 | D:4      | Reached XP level 7. HP: 61/61 MP: 4/6
  4347 | D:4      | Found a shadowy altar of Dithmenos.
  4363 | D:4      | Found an ornate altar of the Wu Jian Council.
  4393 | D:5      | Entered Level 5 of the Dungeon
  4421 | D:5      | Noticed Eustachio
  4450 | D:5      | Killed Eustachio
  4660 | D:5      | Reached XP level 8. HP: 69/69 MP: 7/7
  5318 | D:5      | Noticed Sigmund
  5333 | D:5      | Killed Sigmund
  5334 | D:5      | Reached skill level 5 in Dodging
  5412 | D:5      | Found a staircase to the Ecumenical Temple.
  5423 | Temple   | Entered the Ecumenical Temple
  5840 | D:5      | Found a snail-covered altar of Cheibriados.
  6059 | D:6      | Reached XP level 9. HP: 78/78 MP: 8/8
  6535 | D:6      | Noticed Pikel
  6561 | D:6      | Killed Pikel
  6917 | D:6      | Reached skill level 10 in Maces & Flails
  6942 | D:6      | Noticed a two-headed ogre
  6947 | D:6      | Killed a two-headed ogre
  6953 | D:6      | Reached XP level 10. HP: 83/88 MP: 5/9
  7386 | D:6      | Reached **** piety under Trog
  7420 | D:6      | Noticed Blork the orc
  7426 | D:6      | Killed Blork the orc
  8631 | D:7      | Noticed Maggie
  8650 | D:7      | Killed Maggie
  9233 | D:8      | Found a sand-covered staircase.
  9243 | Ossuary  | Entered an ossuary
  9288 | Ossuary  | Reached ***** piety under Trog
  9412 | Ossuary  | Identified the +0 robe of the Well-Known Knives {rC+}
  9734 | D:8      | Identified the +2 plate armour "Okhlyg" {rC+ rN++}
  9773 | D:8      | Found a staircase to the Lair.
 10225 | D:9      | Noticed a two-headed ogre
 10268 | D:8      | Killed a two-headed ogre
 10510 | D:9      | Identified a scroll of acquirement
 10510 | D:9      | Acquired a manual of Armour
 10552 | D:9      | Noticed a two-headed ogre
 10559 | D:9      | Killed a two-headed ogre
 10560 | D:9      | Reached skill level 10 in Armour
 10683 | D:9      | Found a glowing silver altar of Zin.
 10859 | D:9      | Reached XP level 11. HP: 61/97 MP: 7/10
 10971 | D:9      | You fall into a shaft and drop 3 floors!
 10984 | D:10     | Entered Level 10 of the Dungeon
 11118 | D:10     | Noticed a tengu warrior
 11119 | D:10     | Noticed an ogre mage
 11119 | D:10     | Noticed an eight-headed hydra
 11420 | D:9      | Found a sacrificial altar of Ru.
 11533 | D:9      | Found an ancient bone altar of Kikubaaqudgha.
 11855 | D:9      | Noticed a two-headed ogre
 11860 | D:9      | Killed a two-headed ogre
 11956 | D:9      | Found a hazy altar of Hepliaklqana.
 12435 | D:10     | Killed a tengu warrior
 12911 | D:9      | Killed an eight-headed hydra
 12912 | D:9      | Reached skill level 5 in Slings
 13179 | D:10     | Found a staircase to the Orcish Mines.
 13195 | D:10     | Received a gift from Trog
 13228 | D:10     | Noticed a two-headed ogre
 13266 | D:10     | Killed a two-headed ogre
 13638 | D:10     | Killed an ogre mage
 14501 | D:11     | Reached skill level 10 in Fighting
 14644 | D:11     | Noticed a two-headed ogre
 14659 | D:11     | Killed a two-headed ogre
 14838 | D:11     | Reached XP level 12. HP: 106/106 MP: 11/11
 15990 | D:11     | Noticed a centaur warrior
 15999 | D:11     | Killed a centaur warrior
 16000 | D:11     | Reached skill level 1 in Crossbows
 16423 | D:11     | Noticed a frost giant
 16436 | D:11     | Killed a frost giant
 16488 | D:11     | Noticed a centaur warrior
 16501 | D:11     | Killed a centaur warrior
 17062 | D:12     | Noticed a two-headed ogre
 17070 | D:12     | Killed a two-headed ogre
 17270 | D:12     | Reached skill level 15 in Armour
 17347 | D:12     | Reached skill level 5 in Crossbows
 17384 | D:12     | Noticed Josephine
 17408 | D:12     | Killed Josephine
 17541 | D:12     | Reached XP level 13. HP: 116/116 MP: 12/12
 17688 | D:12     | Reached skill level 10 in Dodging
 18160 | D:12     | Noticed Frances
 18172 | D:12     | Killed Frances
 18353 | D:12     | Reached skill level 15 in Maces & Flails
 19105 | D:13     | Found a flagged portal.
 19135 | Bailey   | Entered a bailey
 19504 | Bailey   | Identified the +9 gold dragon scales of the Nexus {*Slow
                  | rPois rF+ rC+ Regen+ Str+7 Int+2}
 20939 | D:13     | Reached XP level 14. HP: 125/125 MP: 13/13
 21188 | Lair:1   | Entered Level 1 of the Lair of Beasts
 21392 | Lair:1   | Found a dark tunnel.
 21398 | Volcano  | Entered a volcano
 21837 | Volcano  | Found a bloodstained altar of Trog.
 21846 | Volcano  | Identified the +8 short sword of the Mind {vorpal, rElec
                  | rPois Str-4 Stlth+} (Trog gifted it to you in a volcano)
 21846 | Volcano  | Received a gift from Trog
 21879 | Volcano  | Found the +3 pair of seven-league boots {Rampage+∞}
 21949 | Volcano  | Identified the +2 pair of gloves "Feahuff" {rN++}
 22724 | Lair:2   | Found a staircase to the Shoals.
 22900 | Lair:2   | Noticed Erica
 22905 | Lair:2   | Killed Erica
 24099 | Lair:4   | Received a gift from Trog
 24144 | Lair:4   | Found a hole to the Spider Nest.
 25141 | Lair:5   | Reached XP level 15. HP: 108/135 MP: 14/14
 25824 | Lair:5   | Acquired the ring "Reat" {Fly rElec rCorr Stlth+}
 25844 | Lair:6   | Entered Level 6 of the Lair of Beasts
 25914 | Lair:6   | Found a staircase to the Slime Pits.
 26167 | Lair:6   | Received a gift from Trog
 26274 | Lair:6   | Reached ****** piety under Trog
 27137 | D:14     | Identified Roxanne's Volume of Transmigration
 27137 | D:14     | Noticed Roxanne
 27483 | D:14     | Received a gift from Trog
 27970 | D:14     | Reached skill level 10 in Crossbows
 27993 | D:14     | Found a gate to the Vaults.
 28288 | D:14     | Killed Roxanne
 28550 | D:15     | Entered Level 15 of the Dungeon
 28570 | D:15     | Reached XP level 16. HP: 107/145 MP: 15/15
 28654 | D:15     | Found a gate leading to a gauntlet.
 28665 | Gauntlet | Entered a Gauntlet
 28665 | Gauntlet | Found a transporter.
 28673 | Gauntlet | Found a transporter.
 28677 | Gauntlet | Found a transporter.
 28681 | Gauntlet | Found a runed translucent door.
 28682 | Gauntlet | Found a runed translucent door.
 28685 | Gauntlet | Found a transporter.
 28689 | Gauntlet | Found a transporter.
 28697 | Gauntlet | Found a transporter.
 28701 | Gauntlet | Found a transporter.
 28712 | Gauntlet | Found a transporter.
 28713 | Gauntlet | Found a transporter.
 28717 | Gauntlet | Found a runed translucent door.
 28719 | Gauntlet | Found a runed translucent door.
 28721 | Gauntlet | Found a transporter.
 28760 | Gauntlet | Found a transporter.
 28772 | Gauntlet | Found a transporter.
 28785 | Gauntlet | Found a transporter.
 28798 | Gauntlet | Found a transporter.
 29031 | Gauntlet | Identified the +2 hat of Ifaw {Rampage}
 29104 | Gauntlet | Identified the Incunabulum of Enchanting Attacks
 29798 | D:15     | Noticed Agnes
 29804 | D:15     | Killed Agnes
 29948 | D:15     | Received a gift from Trog
 29959 | D:15     | Found a staircase to the Depths.
 30119 | Orc:1    | Entered Level 1 of the Orcish Mines
 30249 | Orc:1    | Paralysed by an orc sorcerer for 2 turns
 30633 | Orc:2    | Entered Level 2 of the Orcish Mines
 31005 | Orc:2    | Found a staircase to the Elven Halls.
 31042 | Orc:2    | Received a gift from Trog
 31060 | Orc:2    | Gained mutation: Your body sometimes deteriorates upon
                  | taking damage. [a neqoxec]
 31544 | Orc:2    | Received a gift from Trog
 31746 | Orc:2    | Found Ewudet's General Store.
 31747 | Orc:2    | Found Leostul's Jewellery Boutique.
 31749 | Orc:2    | Found Xez Vocs's Antique Armour Shop.
 31749 | Orc:2    | Found Kaaf's Antique Weapon Shop.
 32025 | Depths:1 | Entered Level 1 of the Depths
 32285 | Orc:2    | Bought a pair of faintly humming gloves for 275 gold pieces
 32285 | Orc:2    | Identified the +3 pair of gloves of Misanthropy {Rampage
                  | Fly Str-2} (You bought it in a shop on level 2 of the
                  | Orcish Mines)
 32285 | Orc:2    | Bought an embroidered cloak for 217 gold pieces
 32581 | Depths:1 | Found a gateway to Hell.
 32760 | Depths:1 | Found a one-way gate to the infinite horrors of the Abyss.
 33071 | Depths:1 | Noticed a quicksilver dragon
 33087 | Depths:1 | Killed a quicksilver dragon
 33134 | Depths:1 | Reached XP level 17. HP: 88/154 MP: 16/16
 33577 | Depths:1 | Reached skill level 15 in Fighting
 34071 | Depths:2 | Identified the +9 dire flail of Guilt {flame, Str+6 Int-2}
                  | (Trog gifted it to you on level 2 of the Depths)
 34071 | Depths:2 | Received a gift from Trog
 34224 | Depths:2 | Paralysed by a sphinx for 2 turns
 34406 | Depths:2 | Noticed a tentacled monstrosity
 34410 | Depths:2 | Identified the +4 spear of Deformation {drain, rF- Int+4
                  | SInv}
 34539 | Depths:1 | Killed a tentacled monstrosity
 34899 | Spider:1 | Entered Level 1 of the Spider Nest
 35271 | Spider:1 | Identified the +2 scale mail "Xiyl" {rN+}
 35698 | Spider:2 | Noticed Aizul
 35711 | Spider:2 | Killed Aizul
 35793 | Spider:2 | Identified the +5 dagger of Courage {vorpal, Fragile rPois
                  | rN+++ Dex+2}
 35811 | Spider:2 | Reached skill level 15 in Dodging
 36037 | Spider:2 | Reached XP level 18. HP: 168/168 MP: 17/17
 36068 | Spider:2 | Identified the +1 scale mail "Naussihe" {rElec rPois rN+
                  | rCorr Dex+3}
 36211 | Spider:2 | Received a gift from Trog
 36986 | Spider:4 | Entered Level 4 of the Spider Nest
 37260 | Spider:4 | Received a gift from Trog
 37423 | Spider:4 | Acquired the ring of Torphutay {rPois rN+++ Str+6 Dex-4
                  | SInv}
 37480 | Spider:4 | Paralysed by a hornet for 1 turns
 37492 | Spider:4 | Paralysed by a hornet for 3 turns
 37809 | Spider:4 | Got a gossamer rune of Zot
 38150 | Shoals:1 | Entered Level 1 of the Shoals
 38330 | Shoals:1 | Identified the ring "Womaoxza" {rElec rC+ Will+ Int+6}
 38617 | Shoals:1 | Noticed Louise
 38634 | Shoals:1 | Killed Louise
 38694 | Shoals:1 | Found a runed translucent door.
 38695 | Shoals:1 | Noticed Haeres's ghost (adept DsCj)
 38713 | Shoals:1 | Killed Haeres's ghost
 39742 | Shoals:3 | Received a gift from Trog
 39836 | Shoals:3 | Reached XP level 19. HP: 92/179 MP: 18/18
 40501 | Shoals:3 | Found a transporter.
 40534 | Shoals:3 | Found a transporter.
 40537 | Shoals:3 | Noticed Wevinn's ghost (adept DsFi)
 40681 | Shoals:3 | Killed Wevinn's ghost
 40732 | Shoals:3 | Identified the +2 cloak of Emuvvin {rF+ Will- rCorr Str+3}
 40736 | Shoals:3 | Identified the amulet of Uborul {RegenMP rF+}
 40968 | Shoals:4 | Entered Level 4 of the Shoals
 41022 | Shoals:4 | Noticed Polyphemus
 41133 | Shoals:4 | Killed Polyphemus
 41197 | Shoals:4 | Got a barnacled rune of Zot
 41224 | Shoals:4 | Received a gift from Trog
 41456 | Shoals:4 | Noticed Mara
 41508 | Shoals:3 | Noticed wakim's illusion
 41530 | Shoals:3 | HP: 9/271 [wakim's illusion (illusionary)[Mara] (24)]
 41597 | Shoals:3 | Killed Mara
 42841 | Depths:2 | Identified the +1 pair of boots of Follow the Leader
                  | {Dex+5}
 42989 | Depths:2 | Noticed a juggernaut
 43036 | Depths:2 | Killed a juggernaut
 43037 | Depths:2 | Reached XP level 20. HP: 191/191 MP: 19/19
 43113 | Depths:2 | Identified the +8 dire flail of Winter {vorpal, rC+ SInv}
                  | (Trog gifted it to you on level 2 of the Depths)
 43113 | Depths:2 | Received a gift from Trog
 43338 | Depths:2 | Identified the ring "Agal" {+Blink Fly rN+ AC+4}
 43371 | Depths:2 | Identified the Grimoire of the Mountains and Transmutation
 43717 | Depths:3 | Noticed Frederick
 43876 | Depths:3 | Killed Frederick
 44029 | Depths:3 | Received a gift from Trog
 44418 | Depths:3 | Found a gateway to a ziggurat.
 44516 | Depths:3 | Found a one-way gate leading to the halls of Pandemonium.
 45132 | Depths:3 | Reached XP level 21. HP: 133/202 MP: 20/20
 45206 | Depths:3 | Paralysed by a great orb of eyes for 6 turns
 45868 | Depths:4 | Noticed a juggernaut
 45873 | Depths:4 | Found a bloodstained altar of Trog.
 45874 | Depths:4 | Found the necklace of Bloodlust {*Rage +Rage Will++ Int-3
                  | Slay+6}
 45984 | Depths:4 | Found a transporter.
 46059 | Depths:4 | Received a gift from Trog
 46181 | Depths:4 | Found Aveyps's Assorted Antiques.
 46189 | Depths:4 | Bought a scroll of enchant weapon for 202 gold pieces
 46311 | Depths:4 | You are sucked into a shaft and drop 1 floor!
 46311 | Depths:5 | Entered Level 5 of the Depths
 46724 | Depths:4 | Found a transporter.
 46744 | Depths:4 | Found a runed translucent door.
 46759 | Depths:4 | Killed a juggernaut
 46864 | Depths:4 | Received a gift from Trog
 46908 | Depths:4 | Identified the +10 great mace "Viomobre" {vorpal, rElec}
 47004 | Depths:5 | Noticed a golden dragon
 47012 | Depths:5 | Killed a golden dragon
 47145 | Depths:5 | Found a corrupted altar of Lugonu.
 47615 | Depths:5 | Reached XP level 22. HP: 208/215 MP: 21/21
 47680 | Depths:5 | Noticed a juggernaut
 47700 | Depths:5 | Killed a juggernaut
 47921 | Depths:5 | Found Remapn's Book Shoppe.
 47921 | Depths:5 | Found Bidghee's Jewellery Shop.
 47923 | Depths:5 | Found Extariy's Book Shoppe.
 48029 | Depths:5 | Found a gate to the Realm of Zot.
 48275 | Vaults:1 | Entered Level 1 of the Vaults
 48400 | Vaults:1 | Received a gift from Trog
 48449 | Vaults:1 | Noticed Saint Roka
 48451 | Vaults:1 | Found a ruined gateway.
 48467 | Vaults:1 | Killed Saint Roka
 48535 | Desolati | Entered the Desolation of Salt
 48732 | Desolati | Identified the ring of Cirehinu {rPois rF+ Will- Str+3
                  | Int+6 Dex-3}
 48743 | Desolati | Identified the ring of Ruxtosty {rF+ rCorr Dex+2}
 48745 | Desolati | Identified the ring "Laschy Vave" {rPois Str+2}
 48748 | Desolati | Identified the ring "Ihorhu" {Str+5 Int+6 Dex+6 Slay-2}
 48752 | Desolati | Identified the +1 quarterstaff "Ometyosi" {spect, rN+}
 48760 | Desolati | Identified Xuofox's Volume of the Blaze and Lightness
 48824 | Desolati | Received a gift from Trog
 48825 | Desolati | Found the +10 dark maul {vorpal}
 48873 | Desolati | Found the +27 Lear's hauberk
 48878 | Desolati | Identified the +8 hand axe of the Twelve Stars {antimagic,
                  | rElec rF- Str+2 Int+2}
 48881 | Desolati | Identified the ring "Ohuguem" {rPois rC+ Str+2}
 49140 | Desolati | Identified the ring "Nuokhl Jyimi" {rCorr EV+4 Int+4}
 49142 | Desolati | Identified the ring of Xom's Passing Interest {rElec rF+
                  | rCorr Dex+4}
 49154 | Desolati | Identified the ring of Geurr {Wiz Slay+2}
 49162 | Desolati | Identified the Collected Works on Attacks
 49163 | Desolati | Identified the ring "Esusubb" {Ice rElec Str+5 Int+4 SInv}
 49197 | Desolati | Identified the +9 flail of Oenomania {flame, rElec rPois
                  | rF++ Stlth-} (Trog gifted it to you in the Desolation of
                  | Salt)
 49197 | Desolati | Received a gift from Trog
 50128 | Vaults:1 | Noticed Donald
 50134 | Vaults:1 | Killed Donald
 50302 | Vaults:1 | Reached XP level 23. HP: 227/227 MP: 22/22
 50709 | Vaults:1 | Received a gift from Trog
 51300 | Vaults:2 | Found Fufon's General Store.
 51417 | Vaults:2 | Found a staircase to the Crypt.
 51657 | Vaults:2 | Received a gift from Trog
 51676 | Vaults:2 | Noticed Sojobo
 51928 | Vaults:2 | Killed Sojobo
 52235 | Vaults:2 | Acquired a manual of Crossbows
 52506 | Vaults:3 | Noticed Asterion
 52514 | Vaults:3 | Killed Asterion
 52654 | Vaults:3 | Received a gift from Trog
 53619 | Vaults:2 | Bought 6 silver javelins for 273 gold pieces
 55152 | Vaults:4 | Reached XP level 24. HP: 217/240 MP: 22/22
 55180 | Vaults:4 | Received a gift from Trog
 55339 | Vaults:4 | Noticed an ancient lich
 55361 | Vaults:4 | Killed an ancient lich
 55587 | Vaults:4 | Identified the +4 robe "Oseelokh" {rF+ rC+++ Dex-2 Stlth-}
 55589 | Vaults:4 | Noticed an ancient lich
 55590 | Vaults:4 | Noticed a dread lich
 55605 | Vaults:4 | Killed a dread lich
 55606 | Vaults:4 | Killed an ancient lich
 57735 | Vaults:4 | Lost mutation: Your body sometimes deteriorates upon taking
                  | damage. [potion of mutation]
 57735 | Vaults:4 | Gained mutation: You occasionally shout uncontrollably at
                  | your foes. [potion of mutation]
 57735 | Vaults:4 | Gained mutation: You possess an exceptional clarity of
                  | mind. [potion of mutation]
 57987 | Vaults:4 | Found a runed translucent gate.
 57987 | Vaults:4 | Found an ancient bone altar of Kikubaaqudgha.
 57987 | Vaults:4 | Found a runed translucent gate.
 57988 | Vaults:4 | Found a runed translucent gate.
 57988 | Vaults:4 | Noticed p0werm0de's ghost (veteran GrFi)
 58007 | Vaults:4 | Killed p0werm0de's ghost
 58019 | Vaults:4 | Identified the +4 helmet of Fortitude {Int+4}
 58026 | Vaults:4 | Identified the amulet of Leaves {Acrobat rF+ Str+4 Int+3}
 58070 | Vaults:4 | Found Suamadohu's Jewellery Shop.
 58878 | Elf:1    | Entered Level 1 of the Elven Halls
 58915 | Elf:1    | Identified the +5 battleaxe "Thing" {vorpal, Will+ Dex+6}
                  | (Trog gifted it to you on level 1 of the Elven Halls)
 58915 | Elf:1    | Received a gift from Trog
 59836 | Elf:2    | Found a huge runed translucent gate.
 59837 | Elf:2    | Found a huge runed translucent gate.
 59838 | Elf:2    | Found a huge runed translucent gate.
 59866 | Elf:2    | Found a huge runed translucent gate.
 59871 | Elf:2    | Found a huge runed translucent gate.
 60047 | Elf:2    | Found Urhagolu's Assorted Antiques.
 60132 | Elf:2    | Received a gift from Trog
 60212 | Elf:2    | Found Enumomna's Assorted Antiques.
 60841 | Elf:3    | Entered Level 3 of the Elven Halls
 61031 | Elf:3    | Found a huge runed gate.
 61031 | Elf:3    | Found a huge runed gate.
 61031 | Elf:3    | Found a huge runed gate.
 61031 | Elf:3    | Found a huge runed gate.
 61034 | Elf:3    | Found a huge runed gate.
 61036 | Elf:3    | Found a huge runed gate.
 61045 | Elf:3    | Found a huge runed gate.
 61131 | Elf:3    | Found Hurul's One-of-a-Kind Books.
 61142 | Elf:3    | Identified the ring of Tepeamm {rCorr Slay+2}
 61166 | Elf:3    | Reached XP level 25. HP: 250/250 MP: 22/22
 61177 | Elf:3    | Identified the +1 dagger "Demonslayer" {freeze, rC- Str+6
                  | Int+4}
 61185 | Elf:2    | Received a gift from Trog
 61248 | Elf:3    | Cast into level 4 of the Abyss (a deep elf sorcerer)
 61248 | Abyss:4  | Found a corrupted altar of Lugonu.
 61322 | Abyss:4  | Found a corrupted altar of Lugonu.
 61343 | Elf:3    | Escaped the Abyss
 61969 | Elf:3    | Identified the +5 ring mail of Leaves {Drain Int+2 Dex+5}
 61985 | Elf:3    | Identified the +3 ring mail of Gestures {rC+ rN+}
 62005 | Elf:3    | Identified the ring of Okakeca {rPois Will++ rCorr Stlth-}
 62019 | Elf:3    | Identified the +4 scale mail "Patugis" {rC+}
 62215 | Elf:3    | Found a huge runed gate.
 62216 | Elf:3    | Found a huge runed gate.
 62216 | Elf:3    | Found a huge runed gate.
 62216 | Elf:3    | Found a huge runed gate.
 62216 | Elf:3    | Found a huge runed gate.
 62216 | Elf:3    | Found a huge runed gate.
 62217 | Elf:3    | Found a huge runed gate.
 62235 | Elf:3    | Acquired a manual of Dodging
 62965 | Vaults:5 | Entered Level 5 of the Vaults
 62973 | Vaults:4 | Received a gift from Trog
 63211 | Vaults:5 | Paralysed by a floating eye for 3 turns
 63348 | Vaults:5 | Received a gift from Trog
 63354 | Vaults:5 | Noticed an ancient lich
 63377 | Vaults:5 | Killed an ancient lich
 63587 | Vaults:5 | Reached skill level 27 in Armour
 63590 | Vaults:5 | Noticed Mennas
 63594 | Vaults:5 | Killed Mennas
 63595 | Vaults:5 | Reached skill level 27 in Maces & Flails
 63633 | Vaults:5 | Identified the +3 long sword of Fundamental Breach {drain,
                  | Stlth+}
 63706 | Vaults:5 | Reached XP level 26. HP: 208/262 MP: 22/22
 63873 | Vaults:5 | Noticed an ancient lich
 63878 | Vaults:5 | Killed an ancient lich
 64056 | Vaults:5 | Received a gift from Trog
 64069 | Vaults:5 | Found Tavulyresi's Magic Scroll Emporium.
 64095 | Vaults:5 | Bought a scroll of magic mapping for 63 gold pieces
 64095 | Vaults:5 | Bought a scroll of acquirement for 936 gold pieces
 64095 | Vaults:5 | Bought a scroll of blinking for 135 gold pieces
 64225 | Vaults:5 | Identified the +2 leather armour of the Lich-sworn {+Inv
                  | Int+3}
 64265 | Vaults:5 | Noticed an ancient lich
 64270 | Vaults:5 | Killed an ancient lich
 64279 | Vaults:5 | Reached skill level 27 in Fighting
 64377 | Vaults:5 | Found the +8 glaive of the Guard {elec, spectral, AC+5}
 64394 | Vaults:5 | Found Tauts's General Store.
 64405 | Vaults:5 | Bought a scroll of acquirement for 520 gold pieces
 64594 | Vaults:5 | Got a silver rune of Zot
 64664 | Vaults:5 | Noticed a dread lich
 64667 | Vaults:5 | Killed a dread lich
 64668 | Vaults:5 | Reached skill level 5 in Throwing
 64970 | Vaults:5 | Identified the +1 shortbow "Qimmem" {venom, rElec Str-3
                  | Int+3}
 65562 | Zot:1    | Entered Level 1 of the Realm of Zot
 66471 | Zot:1    | Identified the +6 hand crossbow of a sewer {venom, Str+3}
 66649 | Zot:2    | Received a gift from Trog
 66702 | Zot:2    | Noticed an orb of fire
 66710 | Zot:2    | Gained mutation: Your spells are a little harder to cast,
                  | but a little more powerful. [an orb of fire]
 66711 | Zot:2    | Killed an orb of fire
 66723 | Zot:2    | Identified the +7 chain mail of Ezyemom {rN+ Int+5}
 66954 | Zot:2    | Noticed an orb of fire
 66956 | Zot:2    | Killed an orb of fire
 66957 | Zot:2    | Reached XP level 27. HP: 273/273 MP: 22/22
 67195 | Zot:2    | Reached skill level 10 in Throwing
 67717 | Zot:2    | Acquired 561 gold pieces
 67719 | Zot:2    | Acquired a manual of Throwing
 67925 | Zot:3    | You are sucked into a shaft and drop 1 floor!
 67949 | Zot:4    | Identified the +7 dagger of the Walnut {vorpal, rN+ Will++}
 67986 | Zot:4    | Received a gift from Trog
 68293 | Zot:3    | Acquired a manual of Crossbows
 70534 | Zot:4    | Noticed an orb of fire
 70536 | Zot:4    | Gained mutation: You sometimes lose the ability to read
                  | scrolls when taking damage. [an orb of fire]
 70541 | Zot:4    | Killed an orb of fire
 70556 | Zot:4    | Lost mutation: You occasionally shout uncontrollably at
                  | your foes. [potion of mutation]
 70556 | Zot:4    | Lost mutation: Your spells are a little harder to cast, but
                  | a little more powerful. [potion of mutation]
 70556 | Zot:4    | Gained mutation: You have sharp fingernails. [potion of
                  | mutation]
 70557 | Zot:4    | Lost mutation: You sometimes lose the ability to read
                  | scrolls when taking damage. [potion of mutation]
 70557 | Zot:4    | Lost mutation: You possess an exceptional clarity of mind.
                  | [potion of mutation]
 70557 | Zot:4    | Gained mutation: Your muscles are strong. (Str +2) [potion
                  | of mutation]
 70870 | Zot:5    | Entered Level 5 of the Realm of Zot
 71196 | Zot:5    | Reached skill level 15 in Throwing
 71410 | Zot:5    | Noticed a dread lich
 71415 | Zot:5    | Noticed an orb of fire
 71416 | Zot:5    | Killed a dread lich
 71421 | Zot:5    | Gained mutation: You occasionally shout uncontrollably at
                  | your foes. [an orb of fire]
 71422 | Zot:5    | Killed an orb of fire
 71489 | Zot:5    | Noticed an orb of fire
 71499 | Zot:5    | Gained mutation: You are frail. (-10% HP) [an orb of fire]
 71501 | Zot:5    | Killed an orb of fire
 71502 | Zot:5    | Reached skill level 27 in Dodging
 71583 | Zot:5    | Noticed an orb of fire
 71590 | Zot:5    | Killed an orb of fire
 71592 | Zot:5    | Noticed an orb of fire
 71601 | Zot:5    | Killed an orb of fire
 71738 | Zot:5    | Noticed an orb of fire
 71741 | Zot:5    | Noticed an orb of fire
 71742 | Zot:5    | Noticed an orb of fire
 71744 | Zot:5    | Reached skill level 15 in Crossbows
 71745 | Zot:5    | Killed an orb of fire
 71747 | Zot:5    | Killed an orb of fire
 71748 | Zot:5    | Gained mutation: You have sharp toenails. [an orb of fire]
 71750 | Zot:5    | Killed an orb of fire
 71965 | Zot:5    | Noticed a dread lich
 71972 | Zot:5    | Killed a dread lich
 71980 | Zot:5    | Noticed an ancient lich
 71981 | Zot:5    | Killed an ancient lich
 72373 | Depths:5 | Voluntarily entered the Abyss.
 72415 | Abyss:2  | Found a corrupted altar of Lugonu.
 72621 | Abyss:2  | Gained mutation: Your body sometimes deteriorates upon
                  | taking damage. [a neqoxec]
 72799 | Abyss:2  | Found a corrupted altar of Lugonu.
 72850 | Abyss:2  | Found a corrupted altar of Lugonu.
 72977 | Abyss:2  | Received a gift from Trog
 73347 | Abyss:3  | Got an abyssal rune of Zot
 73360 | Depths:5 | Escaped the Abyss
 73363 | Depths:5 | Lost mutation: You are frail. (-10% HP) [potion of
                  | mutation]
 73363 | Depths:5 | Lost mutation: You have sharp toenails. [potion of
                  | mutation]
 73363 | Depths:5 | Lost mutation: Your body sometimes deteriorates upon taking
                  | damage. [potion of mutation]
 73363 | Depths:5 | Gained mutation: You are somewhat resistant to further
                  | mutation. [potion of mutation]
 76587 | Slime:1  | Entered Level 1 of the Pits of Slime
 76612 | Slime:1  | Gained mutation: You are dopey. (Int -2) [a shining eye]
 76837 | Slime:1  | You are sucked into a shaft and drop 1 floor!
 76877 | Slime:1  | HP: 14/409 [large slime creature (9)]
 76877 | Slime:1  | HP: 6/409 [large slime creature (8)]
 76878 | Slime:1  | Mangled by a large slime creature

Illustrated notes

Levels and vault maps discovered:
D:1:      lightli_arrival_windingriver, layout_basic, minmay_domino_2
D:2:      layout_basic, basic_altar, uniq_jessica, uniq_natasha
D:3:      layout_loops_cross, lemuel_coloured_pillars_altar,
          amcnicky_altar_gilded, gammafunk_temple_overflow_forgotten,
          ebering_ecumenical_altar_sacrificial, chequers_serial_rivers_micro_c
D:4:      layout_basic, nicolae_wu_jian_immortal_techniques,
          kennysheep_mini_moat, nicolae_ashenzari_panopticon, serial_forest,
          infiniplex_forest_clump_large, infiniplex_forest_3_way,
          infiniplex_forest_clump_small, infiniplex_forest_clump_small,
          uniq_crazy_yiuf_cottage
D:5:      layout_loops_ring, kennysheep_little_box,
          minmay_temple_entry_crystal_x, uniq_sigmund, uniq_eustachio
D:6:      kennysheep_windowed_halls, layout_basic, uniq_blork_the_orc,
          uniq_pikel
D:7:      layout_cave_pods, dk_noncrumbling_4, uniq_maggie
D:8:      black_bear_nest_1, layout_loops_ring, lair_entry_dummy,
          lightli_ossuary_entry_decrepit_ruins
D:9:      layout_roguey, old_standard_altar, zin_academy,
          overflow_temple_1_default, lemuel_doored_altar
D:10:     layout_loops_corners, zombieorc2_lemuel, minmay_radiant
D:11:     layout_loops_cross, minmay_evil_grid
D:12:     hangedman_screamer, layout_basic, uniq_frances
D:13:     cheibrodos_quadrivalence, layout_grid_maze, enter_bailey_4,
          grunt_ministairs_3, onia_ninara_cookie
D:14:     layout_irregular_city, ximxim_vaults_locker_room, minmay_hedge_maze,
          uniq_roxanne
D:15:     grunt_enter_depths_magical_seal, layout_cave_pods,
          gauntlet_entry_generic, uniq_agnes
Temple:   nicolae_temple_figure_zero
Lair:1:   layout_long_grid, nicolae_volcano_entry_s_turn, grunt_megastairs_1,
          serial_bayou_shore_a, lemuel_fruit_tree, lemuel_fruit_fields
Lair:2:   layout_hall_layers, minmay_shoals_entry_beasts, uniq_erica
Lair:3:   layout_loops_ring, chequers_serial_rivers_room_a,
          minmay_lair_oklob_items
Lair:4:   layout_regular_city, nicolae_spider_entry_non_spiders,
          hibernation_bobbens, infiniplex_staircase_pool_2
Lair:5:   layout_layer_cave, grunt_megastairs_2
Lair:6:   hangedman_lair_in_review, layout_loops_ring,
          nicolae_slime_entry_slimehenge, chequers_serial_rivers_micro_c
Shoals:1: layout_shoals, ebering_ghost_inner_flame, uniq_louise
Shoals:2: layout_shoals
Shoals:3: layout_shoals, gammafunk_ghost_berserking_beasts,
          nicolae_shoals_kraken_party
Shoals:4: shoals_end_grunt_garden, layout_shoals, uniq_polyphemus, uniq_mara
Spider:1: layout_spider_delve, hangedman_spider_tarantella_strand
Spider:2: layout_spider_delve, uniq_aizul
Spider:3: layout_spider_delve, nicolae_spider_cling_halls
Spider:4: guppyfry_spider_rune, guppyfry_spider_mini_3
Slime:1:  layout_caves
Slime:2:  layout_caves, cheibrodos_slime_lost_civilization_5
Orc:1:    layout_caves, nicolae_orc_lost_temple
Orc:2:    st_orc_congregation, layout_diamond_mine
Elf:1:    eino_elf_arrival_sip, layout_geoelf_diagonals, minivault_28,
          grunt_megastairs_4
Elf:2:    layout_gridlike, serial_shops, nicolae_shop_statue_plus, shop,
          mumra_transporter_accident, corexii_leaking_fountain
Elf:3:    minmay_elf_hall_quartered_circle, layout_gridlike,
          palyth_stone_intersect, hangedman_elven_pyramids, nicolae_rare_books,
          statue_in_the_mist_lemuel, door_vault
Vaults:1: v_pattern_5, nicolae_vaults_windows_and_doors_thing,
          nicolae_vaults_lopsided_apartments, ontoclasm_vaults_bender,
          v_misc_23, hangedman_vaults_nails, ontoclasm_vaults_decontamination,
          nicolae_vaults_shelves_hall, v_rooms_3, dpeg_vaults_monster_box,
          nicolae_vaults_sealed_display, vaults_dpeg_ring,
          layout_vaults_omnicross, portal_desolation_entry_nicolae_slug,
          uniq_saint_roka, uniq_donald
Vaults:2: ontoclasm_vaults_shuriken, minmay_crypt_entry_simple_sparse,
          vaults_dpeg_cross, v_misc_10, vaults_room_pools, vaults_dpeg_diagonal,
          v_misc_30, nicolae_vaults_network_barrier, ontoclasm_vaults_fault,
          vaults_room_fours, nicolae_vaults_asterisk,
          nicolae_vaults_an_arrangement, vaults_mumra_hex, layout_vaults_ring,
          serial_shops, nicolae_shop_stone, uniq_margery, uniq_sojobo
Vaults:3: nicolae_vaults_theta, special_room_vaults [special_room_orc],
          nicolae_vaults_little_squares_3, nicolae_vaults_ring_of_whatevers,
          nicolae_vaults_hallways_thing, vaults_room_fours,
          layout_vaults_chaotic_city, uniq_asterion
Vaults:4: gammafunk_vaults_ghost_crypt, ontoclasm_vaults_hangar,
          vaults_standard_mumra_enter_the_diamond, v_misc_9, v_misc_8,
          v_misc_10, hangedman_vaults_stretched_pinwheel, v_rooms_5, v_misc_16,
          vaults_room_fours, v_misc_29, nicolae_vaults_little_squares_6,
          nicolae_vaults_meeting, layout_vaults_omnibox, serial_shops, shop
Vaults:5: uniq_mennas
Depths:1: layout_gridlike, abyss_entry_crystal, grunt_metal_band, minivault_1,
          st_stairs_1, serial_bayou_pond_d, minmay_three_doors,
          kennysheep_random_hallway
Depths:2: hangedman_pleasuredromes, hell_entry
Depths:3: nooodl_heptagram, layout_gridville, enter_ziggurat_c,
          marbit_kobold_abyss_entry, abandoned_shop, pan_entry,
          hangedman_geh_valley, infiniplex_staircase_zigzag_5, uniq_frederick
Depths:4: emtedronai_trogs_sanctum, layout_basic, serial_shops, shop_fountains,
          minmay_room_of_horrors, hell_entry, grunt_decor_arrowhead,
          serial_sigils, serial_sigils_hangedman_scar,
          serial_sigils_hangedman_snap, serial_sigils_hangedman_scratch,
          serial_sigils_hangedman_shear
Depths:5: grunt_x_marks_the_spot, layout_honeycomb, hell_entry,
          abyss_entry_flame_altar, minmay_shop_grove
Zot:1:    layout_gridlike
Zot:2:    layout_concentric_octagons
Zot:3:    layout_misc_corridors, grunt_ministairs_9
Zot:4:    layout_twisted_circle, zot_minivault_1
Zot:5:    layout_gridlike

Skill      XL: |  1  2  3  4  5  6  7  8  9 10 11 12 13 14 15 16 17 18 19 20 21 22 23 24 25 26 27 |
---------------+----------------------------------------------------------------------------------+-----
Maces & Flails | 4 5 6 7 8 10 12 13 14 15 17 18 19 20 21 23 24 25 27 | 27.0
Armour         | 3 4 5 6 8 10 13 15 17 18 19 20 21 22 23 24 25 26 27 | 27.0
Fighting       | 4 5 6 7 9 10 11 13 14 16 17 19 20 22 23 24 25 26 27 | 27.0
Dodging        | 3 4 5 6 7 9 10 11 12 13 15 16 17 18 19 20 21 22 25 27 | 27.0
Slings         | 1 2 3 4 5 |  5.3
Throwing       | 1 2 3 9 19 | 19.6
Crossbows      | 5 7 8 10 11 12 21 | 21.0

Action                   |  1- 3 |  4- 6 |  7- 9 | 10-12 | 13-15 | 16-18 | 19-21 | 22-24 | 25-27 || total
-------------------------+-------+-------+-------+-------+-------+-------+-------+-------+-------++-------
Melee: Mace              |    68 |    55 |   207 |       |       |       |       |       |       ||   330
       Headbutt          |     9 |    23 |    43 |   175 |   292 |   360 |   436 |   195 |   145 ||  1678
       Flail             |       |    80 |       |       |       |       |       |       |       ||    80
       Morningstar       |       |       |       |   361 |       |       |       |       |       ||   361
       Dire flail        |       |       |       |   371 |   364 |   784 |  1326 |   164 |       ||  3009
       Great mace        |       |       |       |       |   681 |   629 |       |   168 |       ||  1478
       Maul              |       |       |       |       |       |       |       |   677 |   936 ||  1613
       Unarmed           |       |       |       |       |       |       |       |       |     8 ||     8
 Fire: Hunting sling     |       |     2 |    12 |    50 |       |       |       |       |       ||    64
       Arbalest          |       |       |       |     3 |    51 |       |       |       |       ||    54
Throw: Dart              |       |     7 |       |       |       |       |       |       |       ||     7
       Boomerang         |       |       |       |       |       |       |       |       |     3 ||     3
       Javelin           |       |       |       |       |       |       |       |       |     1 ||     1
Invok: Berserk           |       |     3 |     5 |     9 |     2 |     1 |     3 |     7 |    10 ||    40
       Trog's Hand       |       |       |     4 |    13 |     5 |    14 |    13 |    21 |    26 ||    96
       Brothers in Arms  |       |       |       |       |       |     2 |     1 |     5 |       ||     8
Evoke: Wand              |       |       |       |       |       |       |       |     1 |       ||     1
  Use: Scroll            |       |     3 |     9 |    13 |     6 |     4 |     7 |     4 |    10 ||    56
       Potion            |       |       |       |       |     1 |     1 |     1 |     3 |    15 ||    21
 Stab: Petrifying        |       |       |       |       |     2 |       |       |       |       ||     2
       Petrified         |       |       |       |       |     1 |       |       |       |       ||     1
       Distracted        |       |       |       |       |       |       |       |     1 |     2 ||     3
Armor: Animal skin       |     7 |       |       |       |       |       |       |       |       ||     7
       Plate armour      |    30 |    85 |   112 |   362 |   134 |       |       |       |       ||   723
       Gold dragon scale |       |       |       |       |   536 |  1140 |   995 |  1651 |  1459 ||  5781
Dodge: Dodged            |    28 |    52 |    75 |   359 |   721 |   992 |   654 |  1117 |  1091 ||  5089

Table legend: (Time is in decaauts)
 A = Elapsed time spent in this place.
 B = Non-inter-level travel time spent in this place.
 C = Inter-level travel time spent in this place.
 D = Time resting spent in this place.
 E = Time spent auto-exploring this place.
 F = Levels seen in this place.
 G = Mean time per level.
                   A        B        C        D        E       F      G
               +--------+--------+--------+--------+--------+-----+--------+
         Total |  77337 |  62235 |  15102 |   4359 |  42435 |  61 | 1267.8 |
       Dungeon |  26967 |  20904 |   6063 |   2198 |  15184 |  15 | 1797.8 |
        Temple |      1 |      1 |      0 |      0 |      0 |   1 |    1.0 |
          Lair |   6415 |   4807 |   1608 |     12 |   3795 |   6 | 1069.2 |
        Shoals |   4486 |   4020 |    466 |    464 |   2714 |   4 | 1121.5 |
   Spider Nest |   3191 |   2651 |    540 |     19 |   2003 |   4 |  797.8 |
    Slime Pits |    319 |    319 |      0 |    100 |     56 |   2 |  159.5 |
  Orcish Mines |   2057 |   1567 |    490 |     45 |   1151 |   2 | 1028.5 |
   Elven Halls |   4064 |   3572 |    492 |    195 |   2125 |   3 | 1354.7 |
        Vaults |  10983 |   8471 |   2512 |    754 |   5288 |   5 | 2196.6 |
        Depths |   9211 |   6767 |   2444 |    224 |   4515 |   5 | 1842.2 |
           Zot |   5702 |   5218 |    484 |    311 |   3672 |   5 | 1140.4 |
         Abyss |   1211 |   1211 |      0 |      0 |    636 |   4 |  302.8 |
       Ossuary |    249 |    249 |      0 |      0 |    123 |   1 |  249.0 |
        Bailey |    429 |    429 |      0 |      0 |    139 |   1 |  429.0 |
       Volcano |    554 |    554 |      0 |      0 |    381 |   1 |  554.0 |
    Desolation |   1058 |   1058 |      0 |     36 |    474 |   1 | 1058.0 |
      Gauntlet |    433 |    433 |      0 |      0 |    177 |   1 |  433.0 |
               +--------+--------+--------+--------+--------+-----+--------+

Top non-repeatable levels by time:
Vaults:1: 2744 daAuts
    D:13: 2703 daAuts
    D:12: 2490 daAuts
Depths:1: 2409 daAuts
     D:9: 2359 daAuts
Vaults:5: 2354 daAuts
Vaults:4: 2323 daAuts
     D:6: 2309 daAuts
    D:11: 2189 daAuts
Depths:3: 2121 daAuts
    D:10: 2115 daAuts
    D:14: 2081 daAuts
Vaults:2: 1829 daAuts
Vaults:3: 1731 daAuts
Depths:4: 1685 daAuts
